AoeStats
← Morris=w=

Arena

509719771Analyzed
4v4 RM · 6d ago on Sep 27, 2026· 41m 47s· 8 players
Game mode
Random Map
Map size
Large (8 player)
Population
200
Speed
Normal
Resources
Standard
Victory
Conquest
Starting age
Dark Age
Ending age
Imperial Age
RankedLock teamsTeams togetherTeam positionsShared explorationLock speedFull tech treeHidden civsTurbo modeCheats
Victory
Defeat
🇺🇸 Portuguese · United States
1860
+6
🇫🇷 Mapuche · France
1677
+11
🇭🇰 Danes · Hong Kong SAR China
1522
+18
🇩🇪 Poles · Germany
1489
+18
🇦🇷 Saracens · Argentina
1634
-16
🇧🇷 Byzantines · Brazil
1562
-13
🇲🇽 Wu · Mexico
1544
-12
🇨🇭 Tupi · Switzerland
1538
-12
Sace
8:51 Feudal Age
9:39 Double-Bit Axe
9:38 Horse Collar
16:26 Castle Age
17:23 Bow Saw
22:38 Wheelbarrow
22:56 Gold Mining
24:14 Hand Cart
29:21 Imperial Age
27:22 Scale Mail Armor
27:31 Scale Barding Armor
27:36 Forging
27:58 Heavy Plow
28:34 Gold Shaft Mining
27:50 Stone Mining
28:57 Chain Barding Armor
28:53 Husbandry
29:50 Iron Casting
29:48 Loom
29:28 Heavy Camel Rider
31:02 Plate Barding Armor
32:01 Chemistry
31:22 Ballistics
30:53 Fletching
33:01 Bodkin Arrow
33:48 Stone Shaft Mining
33:59 Bracer
35:34 Light Cavalry
36:21 Padded Archer Armor
38:03 Murder Holes
37:56 Arrowslits
38:19 Hussar
flowaway4
10:21 Feudal Age
11:33 Double-Bit Axe
14:01 Castle Age
12:45 Champi Runner
14:06 Horse Collar
16:36 Champi Warrior
17:18 Squires
17:42 Scale Mail Armor
18:22 Arson
20:57 Forging
21:24 Wheelbarrow
20:34 Loom
20:46 Gold Mining
21:50 Chain Mail Armor
25:04 Heavy Plow
25:16 Bow Saw
25:23 Bow Saw
27:35 Iron Casting
34:52 Hand Cart
37:11 Imperial Age
34:26 Town Watch
37:22 Elite Ibirapema Warrior
38:40 Plate Mail Armor
v1ctor 54
10:31 Feudal Age
8:47 Loom
14:27 Castle Age
13:25 Double-Bit Axe
23:32 Gold Mining
24:36 Stone Mining
25:41 Wheelbarrow
24:49 Horse Collar
26:44 Heavy Plow
28:56 Bow Saw
30:03 Hand Cart
34:04 Imperial Age
32:10 Fletching
33:15 Gold Shaft Mining
32:58 Bodkin Arrow
34:16 Padded Archer Armor
34:39 Ballistics
34:47 Red Cliffs Tactics
35:11 Bracer
35:01 Elite Fire Archer
36:33 Leather Archer Armor
EL_REY_TUT
10:59 Feudal Age
14:30 Castle Age
12:55 Double-Bit Axe
13:26 Horse Collar
16:26 Bow Saw
20:06 Fletching
22:24 Wheelbarrow
23:39 Bodkin Arrow
23:32 Crossbowman
29:24 Imperial Age
28:00 Stone Mining
28:28 Forging
29:27 Hand Cart
28:58 Loom
29:52 Iron Casting
29:36 Elite Mameluke
30:14 Gold Mining
31:33 Conscription
32:18 Blast Furnace
31:36 Bloodlines
31:46 Heavy Plow
32:24 Husbandry
33:09 Scale Barding Armor
34:21 Chain Barding Armor
36:11 Plate Barding Armor
35:56 Masonry
39:30 Town Watch
40:37 Hoardings
Bubbagump
9:58 Feudal Age
13:35 Castle Age
11:50 Double-Bit Axe
14:33 Bow Saw
14:05 Horse Collar
18:15 Loom
19:42 Wheelbarrow
20:29 Heavy Plow
24:33 Hand Cart
24:03 Town Watch
26:18 Gold Mining
26:19 Stone Mining
30:29 Imperial Age
29:16 Stone Shaft Mining
32:11 Chemistry
31:17 Siege Engineers
31:21 Arquebus
31:41 Conscription
32:57 Bombard Tower
33:11 Masonry
33:26 Treadmill Crane
34:17 Architecture
34:08 Ballistics
34:22 Crop Rotation
34:59 Two-Man Saw
34:54 Murder Holes
38:23 Circumnavigation
40:36 Guilds
OGN
10:06 Feudal Age
11:23 Double-Bit Axe
13:57 Castle Age
11:41 Horse Collar
17:51 Wheelbarrow
19:58 Bow Saw
21:12 Loom
21:56 Hand Cart
21:27 Town Watch
22:30 Gold Mining
24:05 Gold Shaft Mining
24:24 Heavy Plow
27:41 Imperial Age
25:07 Stone Mining
25:43 Fletching
26:18 Ballistics
26:40 Padded Archer Armor
26:37 Bodkin Arrow
27:38 Leather Archer Armor
27:58 Elite Bolas Rider
29:10 Ring Archer Armor
29:41 Chemistry
28:23 Treadmill Crane
31:56 Malon
32:18 Conscription
36:52 Pikeman
38:02 Crop Rotation
38:08 Stone Shaft Mining
36:56 Elite Skirmisher
37:51 Forging
37:42 Scale Mail Armor
Morris=w=
11:19 Feudal Age
12:39 Double-Bit Axe
14:54 Castle Age
12:42 Horse Collar
15:51 Bow Saw
17:29 Forging
20:55 Arson
21:57 Scale Mail Armor
22:34 Squires
24:28 Loom
27:34 Heavy Plow
28:19 Wheelbarrow
29:59 Chain Mail Armor
30:32 Hand Cart
30:15 Hamask
31:16 Gold Mining
35:05 Imperial Age
33:16 Forging
35:11 Elite Jomsviking
36:12 Conscription
36:50 Plate Mail Armor
36:08 Onager
36:49 Northmen's Fury
38:34 Capped Ram
39:20 Stone Mining
40:05 Gold Shaft Mining
40:00 Elite Varangian Guard
42:03 Iron Casting
Theverat
10:27 Feudal Age
14:21 Castle Age
12:07 Horse Collar
13:06 Double-Bit Axe
13:15 Loom
15:38 Bow Saw
16:13 Wheelbarrow
15:51 Scale Barding Armor
17:23 Bloodlines
18:25 Husbandry
18:44 Town Watch
18:52 Stone Mining
19:51 Gold Mining
21:28 Hand Cart
21:28 Forging
24:14 Chain Barding Armor
26:02 Szlachta Privileges
28:00 Heavy Plow
31:20 Imperial Age
30:23 Iron Casting
32:29 Conscription
33:31 Blast Furnace
34:53 Chemistry
33:46 Fletching
34:23 Scale Mail Armor
34:20 Bodkin Arrow
34:38 Masonry
34:42 Bodkin Arrow
35:16 Elite Obuch
36:03 Squires
35:50 Arson
37:31 Hoardings
37:39 Chain Mail Armor
38:06 Light Cavalry
38:28 Cavalier
40:07 Bracer
Connection lost

Rejoining the realm…

Still unreachable

The connection could not be restored.

Session expired

The server has moved on; the page needs a fresh start.